 Dungeon Crawl Stone Soup version 0.31.0-32-g396128a36d (webtiles) character file.

Game seed: 13106814829873191865

289326 chippings the Fetichist (level 19, -8/172 HPs)
             Began as a Yellow Draconian Wanderer on Apr 17, 2024.
             Was an Initiate of Gozag.
             Mangled by the Royal Jelly (54 damage)
             ... on level 5 of the Pits of Slime.
             The game lasted 02:09:30 (30139 turns).

chippings the Fetichist (DrWn)                     Turns: 30139, Time: 02:09:30

Health: -8/172     AC: 21    Str: 20    XL:     19   Next: 91%
Magic:  1/22       EV: 31    Int: 15    God:    Gozag
Gold:   8784       SH: 11    Dex: 18    Spells: 22/22 levels left

rFire   + + .        q - +8 quick blade of World's End {flame, Str+4}
rCold   + + +        O - +3 warlock's mirror {omnireflect}
rNeg    . . .        (body armour unavailable)
rPois   +            C - +2 hat
rElec   +            c - +2 cloak of Foolhardiness {Rampage rC++ Regen+ Str-5}
rCorr   +            W - +2 pair of gloves
SInv    .            I - +2 pair of boots {Stlth+}
Will    +....        F - amulet of Xaeprew {Regen+ Str+3 Slay+2}
Stlth   +++++++      L - ring of the Hare {EV+10}
HPRegen 2.08/turn    D - ring of Becheov {rF+ Str+5 Slay+4}
MPRegen 0.18/turn

%: reflection, rampage
@: about to teleport, resistant, fragile (+50% incoming damage)
A: spit acid, AC +10, unfitting armour, acidic bite, cold-blooded, acid
resistance, screaming 1
}: 2/15 runes: decaying, gossamer
a: Breathe Acid, Renounce Religion, Potion Petition, Call Merchant, Bribe Branch


You were on level 5 of the Pits of Slime.
You worshipped Gozag.
Gozag was greatly pleased with you.
You visited 7 branches of the dungeon, and saw 34 of its levels.
You visited the Abyss 1 time.
You visited 1 bazaar.
You also visited: Bailey.

You collected 14501 gold pieces.
You spent 5265 gold pieces at shops.
You paid 452 gold pieces to Gozag.

Inventory:

Hand Weapons
 d - the +9 dagger of Xom's Esteem {flame, *Rage +Blink rPois SInv}
   (You found it on level 3 of the Dungeon)

   rPois:     It protects you from poison SInv: It lets you see invisible.
   +Blink:    It lets you blink.
   *Rage:     It berserks you when you make melee attacks (+20% chance).
 q - the +8 quick blade of World's End (weapon) {flame, Str+4}
   (You acquired it on level 11 of the Dungeon)

   Str+4:     It affects your strength (+4).
Armour
 c - the +2 cloak of Foolhardiness (worn) {Rampage rC++ Regen+ Str-5}
   (You bought it in a shop on level 2 of the Orcish Mines)

   Str-5:     It affects your strength (-5).
   rC++:      It greatly protects you from cold.
   Regen+:    It increases your rate of health regeneration.
   Rampage:   It bestows one free step when moving towards enemies.
 C - a +2 hat (worn)
 I - a +2 pair of boots of stealth (worn)
 O - the +3 warlock's mirror (worn) {omnireflect}
   (You found it in a bailey)

   Omnireflect: It can block and reflect piercing ranged attacks and magical
   attacks against the wielder's willpower.
 W - a +2 pair of gloves (worn)
Jewellery
 j - the ring of the Voivode {Fly rN+}
   (You took it off a centaur warrior on level 11 of the Dungeon)

   [ring of flight]

   rN+:       It protects you from negative energy.
   Fly:       It grants you flight.
 z - the ring of Weableeps {rElec rF+ rC++ MP+9 Str-2}
   (You took it off a deep elf annihilator on level 3 of the Elven Halls)

   [ring of magical power]

   Str-2:     It affects your strength (-2).
   rF+:       It protects you from fire.
   rC++:      It greatly protects you from cold.
   rElec:     It insulates you from electricity.
   MP+9:      It affects your magic capacity (+9).
 D - the ring of Becheov (right hand) {rF+ Str+5 Slay+4}
   (You took it off a deep elf high priest on level 3 of the Elven Halls)

   [ring of slaying]

   Str+5:     It affects your strength (+5).
   Slay+4:    It affects your accuracy & damage with ranged weapons and melee
   (+4).
   rF+:       It protects you from fire.
 F - the amulet of Xaeprew (around neck) {Regen+ Str+3 Slay+2}
   (You bought it in a shop on level 1 of the Lair of Beasts)

   [amulet of regeneration]

   Str+3:     It affects your strength (+3).
   Slay+2:    It affects your accuracy & damage with ranged weapons and melee
   (+2).
   Regen+:    It increases your rate of health regeneration.
 L - the ring of the Hare (left hand) {EV+10}
   (You bought it in a shop on level 3 of the Elven Halls)

   [ring of evasion]

   EV+10:     It affects your evasion (+10).
Talismans
 f - a talisman of death
 g - a granite talisman
 r - a dragon-blood talisman
Wands
 b - a wand of polymorph (16)
 e - a wand of digging (3)
 m - a wand of iceblast (21)
 v - a wand of flame (106)
 w - a wand of mindburst (18)
 B - a wand of paralysis (34)
Scrolls
 a - 3 scrolls of poison
 i - a scroll of fog
 k - 4 scrolls of immolation
 n - a scroll of enchant armour
 p - 5 scrolls of fear
 u - 5 scrolls of revelation
 H - 4 scrolls of noise
 K - 5 scrolls of brand weapon
 M - 6 scrolls of identify
 N - 4 scrolls of vulnerability
 R - 2 scrolls of amnesia
 X - 6 scrolls of enchant weapon
 Z - 3 scrolls of teleportation
Potions
 h - 8 potions of lignification
 l - 12 potions of heal wounds
 s - 5 potions of mutation
 t - 4 potions of invisibility
 x - 3 potions of curing
 A - 2 potions of berserk rage
 E - 5 potions of attraction
 G - 4 potions of brilliance
 J - 6 potions of might
 P - 5 potions of cancellation
 Q - 7 potions of haste
 S - a potion of resistance
 U - a potion of magic
 V - 10 potions of ambrosia
 Y - 4 potions of enlightenment
Miscellaneous
 y - a condenser vane (inert)
 T - a phantom mirror (inert)


   Skills:
 - Level 16.0 Fighting
 - Level 14.0 Short Blades
 - Level 1.0 Staves
 + Level 13.9 Dodging
 + Level 15.8 Stealth
 - Level 14.0 Shields
 - Level 0.1 Unarmed Combat
 - Level 2.0 Spellcasting
 - Level 4.0 Earth Magic
 - Level 1.0 Invocations
 + Level 17.5 Evocations
 + Level 6.2 Shapeshifting


You had 22 spell levels left.
You didn't know any spells.
Your spell library contained the following spells:

 Spells                   Type           Power      Damage    Failure   Level
 Sandblast                Erth           26%        2d8       4%          1
 Passwall                 Erth           13%        N/A       14%         3
 Apportation              Tloc           2%         N/A       24%         1
 Necrotise                Necr           4%         1d4       24%         1
 Shock                    Conj/Air       4%         1d3       24%         1
 Sting                    Conj/Alch      4%         1d3       24%         1
 Summon Small Mammal      Summ           4%         N/A       24%         1
 Stone Arrow              Conj/Erth      14%        3d7       32%         3
 Blink                    Tloc           2%         N/A       36%         2
 Ensorcelled Hibernation  Hex/Ice        2%         N/A       36%         2
 Lesser Beckoning         Tloc           2%         N/A       36%         2
 Mercury Vapours          Alch/Air       2%         N/A       36%         2
 Momentum Strike          Conj/Tloc      2%         3d8       36%         2
 Frozen Ramparts          Ice            2%         1d1       58%         3
 Gell's Gravitas          Tloc           1%         N/A       58%         3
 Hailstorm                Conj/Ice       1%         3d5       58%         3
 Mephitic Cloud           Conj/Alch/Air  1%         N/A       58%         3
 Ozocubu's Armour         Ice            1%         N/A       58%         3
 Summon Ice Beast         Ice/Summ       1%         N/A       58%         3
 Swiftness                Air            1%         N/A       58%         3
 Teleport Other           Tloc           1%         N/A       58%         3
 Volatile Blastmotes      Fire/Tloc      2%         2d10      58%         3
 Brom's Barrelling Bould  Conj/Erth      7%         2d3       71%         4
 Leda's Liquefaction      Alch/Erth      3%         N/A       71%         4
 Petrify                  Alch/Erth      7%         N/A       71%         4
 Airstrike                Air            0%         2d(1-17)  94%         4
 Dimensional Bullseye     Hex/Tloc       0%         N/A       94%         4
 Fulminant Prism          Conj/Alch      0%         3d5       94%         4
 Ignite Poison            Fire/Alch      1%         N/A       94%         4
 Iskenderun's Mystic Bla  Conj/Tloc      1%         2d3       94%         4
 Manifold Assault         Tloc           1%         N/A       94%         4
 Sticky Flame             Fire/Alch      1%         2d4       94%         4
 Vhi's Electric Charge    Tloc/Air       2%         N/A       94%         4
 Arcjolt                  Conj/Air       0%         1d10      100%        5
 Fireball                 Conj/Fire      0%         3d3       100%        5
 Freezing Cloud           Conj/Ice/Air   0%         6-21      100%        5
 Iskenderun's Battlesphe  Conj           1%         2d6       100%        5
 Metabolic Englaciation   Hex/Ice        0%         N/A       100%        5
 Bombard                  Conj/Erth      3%         9d1       100%        6
 Conjure Ball Lightning   Conj/Air       0%         3x3d6     100%        6
 Death Channel            Necr           0%         N/A       100%        6
 Dispersal                Tloc           0%         N/A       100%        6
 Plasma Beam              Fire/Air       0%         2x1d10    100%        6
 Sculpt Simulacrum        Ice/Alch       0%         N/A       100%        6
 Orb of Destruction       Conj           0%         9d5       100%        7
 Ozocubu's Refrigeration  Ice            0%         4d7       100%        7
 Spellforged Servitor     Conj/Summ      0%         N/A       100%        7
 Discord                  Hex            0%         N/A       100%        8
 Disjunction              Tloc           0%         N/A       100%        8
 Ignition                 Fire           0%         3d3       100%        8
 Maxwell's Capacitive Co  Air            0%         ∞         100%        8


Dungeon Overview and Level Annotations

Branches:
Dungeon (11/15)            Temple (0/1) D:7            Lair (5/5) D:11
  Swamp (4/4) Lair:2       Spider (4/4) Lair:2        Slime (5/5) Lair:5
    Orc (2/2) D:9             Elf (3/3) Orc:2        Bailey (visited)

Altars:
Cheibriados
Gozag
Hepliaklqana
Nemelex Xobeh
Okawaru
Qazlal
Trog
Uskayaw
Vehumet
Yredelemnul
Zin
The Shining One
Jiyva

Shops:
D:2 (   Orc:2 [=*([(   Elf:3 =:==   Lair:1 =

Annotations:
D:8 2 transporters, LordWeiramon's ghost, novice HuFi
D:11 3 runed translucent doors, Dumalacath's ghost, journeyman DsGl
Lair:2 2 transporters, brilapsti's ghost, journeyman DrCj
Slime:5 Royal Jelly
Elf:1 2 transporters


Innate Abilities, Weirdness & Mutations

You can spit globs of acid.
Your golden yellow scales are hard. (AC +10)
You cannot fit into any form of body armour.
You have acidic saliva.
You are cold-blooded and may be slowed by cold attacks.
You are resistant to acid. (rCorr)
You occasionally shout uncontrollably at your foes.


Message History

The Royal Jelly shudders vigorously.
The Royal Jelly spits out two more jellies.
You block the quicksilver ooze's attack. x2
The Royal Jelly is engulfed in blazing flames.
Flame seeps out of the Royal Jelly.
The Royal Jelly shudders.
The Royal Jelly spits out another jelly.
A glass eye comes into view.
Unknown command.
Unknown command.
The azure jelly is engulfed in blazing flames.
Flame seeps out of the azure jelly.
You block the quicksilver ooze's attack.
The quicksilver ooze completely misses you.
The Royal Jelly barely misses you. x2
The acid blob spits acid at you. The splash of acid hits you. You resist.
* * * LOW HITPOINT WARNING * * *
The acid blob is engulfed in blazing flames.
Flame seeps out of the acid blob.
Unknown command.
A slime creature comes into view.
You are no longer corroded.
The glass eye gazes at you.
Your body becomes as fragile as glass!
An acid blob comes into view.
The quicksilver ooze closely misses you.
You block the quicksilver ooze's attack.
Unknown command.
As you read the scroll of teleportation, it crumbles to dust.
You feel strangely unstable. The Royal Jelly misses you.
The Royal Jelly hits you!
* * * LOW HITPOINT WARNING * * *
You are splashed with acid.
You resist.
* * * LOW HITPOINT WARNING * * *
The glass eye gazes at you.
You feel your fragility will last longer.
Unknown command.
You feel much better. The Royal Jelly hits you!!!
You die...
Your body crumbles into a pile of gold.

....................#
..........§.........#
..#.#.$..§§§........#
######...§.§........#
#.#..§..........##
####.§...J.......#
#......J.J....#
#......JJJJ...##
###....JJ@.....#
##...........#
#.....G......#
#............#
#...........<.#
#.#......J.....#
.#...J........##
.............#


You could see the Royal Jelly (inner flame), 3 acid blobs, an azure jelly (inner
flame), a slime creature, 3 rockslimes, 2 quicksilver oozes and a glass eye.

Vanquished Creatures
  Bai Suzhen (Swamp:4)
  Norris (Elf:1)
  A tentacled monstrosity (Swamp:4)
  Jorgrun (Orc:1)
  A deep elf blademaster (Elf:2)
  6 acid blobs
  2 deep elf master archers (Elf:3)
  A thorn hunter (Swamp:4)
  Gastronok (Lair:3)
  Aizul (Elf:1)
  A fenstrider witch (Swamp:1)
  6 rockslimes
  6 azure jellies
  Donald (Elf:2)
  9 emperor scorpions
  8 deep elf sorcerers (Elf:3)
  4 deep elf elementalists (Elf:3)
  3 ghost moths
  4 broodmothers
  7 quicksilver oozes
  2 eleionomae
  5 deep elf death magi (Elf:3)
  Azrael (Elf:1)
  5 deep elf annihilators (Elf:3)
  2 bunyips
  A deep elf demonologist (Elf:3)
  4 fire dragons
  10 entropy weavers
  Fannar (Lair:3)
  2 great orbs of eyes (Slime:5)
  4 deep elf high priests (Elf:3)
  17 hydras
  5 ogre magi (Orc:2)
  An ice dragon (Lair:1)
  A centaur warrior (D:11)
  15 alligators
  4 two-headed ogres
  A catoblepas (Lair:3)
  7 boulder beetles
  31 dancing weapons
  12 demonic crawlers
  3 radroaches
  5 death yaks
  An orc high priest (Elf:2)
  23 deep elf knights
  4 skysharks
  18 spriggans
  7 pharaoh ants
  7 goliath frogs
  7 orb spiders
  5 spriggan druids
  4 bog bodies
  7 swamp dragons
  5 deep elf archers
  11 steelbarb worms
  2 sun moths
  18 deep elf zephyrmancers
  8 lindwurms
  Pikel (D:4)
  20 deep elf pyromancers
  2 oklob plants
  8 will-o-the-wisps
  3 orc sorcerers
  9 orc knights
  4 shining eyes (Slime:1)
  An ugly thing (D:11)
  A cyclops (D:11)
  21 wolf spiders
  10 meliai
  3 moths of wrath
  A manticore (D:11)
  6 elephants
  4 black mambas
  7 torpor snails
  An ice statue (Lair:1)
  A gargoyle (Bailey)
  A molten gargoyle (Swamp:4)
  21 cane toads
  7 komodo dragons
  2 efreet
  3 kobold demonologists
  3 rime drakes
  A freezing wraith (Lair:1)
  3 ice devils (Lair:1)
  A yaktaur (D:11)
  A bloated husk (Swamp:1)
  16 hornets
  Prince Ribbit (D:6)
  5 polar bears
  11 tyrant leeches
  4 trolls
  6 dream sheep (Lair:3)
  30 tarantellas
  23 blink frogs
  A glass eye (Slime:2)
  57 slime creatures
  4 vampires
  16 culicivoras
  Sigmund (D:2)
  22 jumping spiders
  3 air elementals (Elf:3)
  3 shadows
  7 wyverns
  2 water elementals
  6 basilisks
  8 fire bats (Swamp:4)
  7 fire elementals
  6 golden eyes
  75 yaks
  16 vampire mosquitoes
  31 redbacks
  13 wargs
  Menkaure (D:4)
  7 steam dragons
  12 swamp worms
  Edmund (D:4)
  2 acid dragons
  20 water moccasins
  A hell hound (Elf:1)
  4 swamp drakes
  A black bear (Lair:2)
  32 orc warriors
  A laughing skull (D:11)
  12 ogres
  A crocodile (shapeshifter) (D:11)
  3 ice beasts
  A boggart (D:11)
  8 wolves
  8 centaurs
  4 lemures (D:4)
  A phantom (D:4)
  19 bullfrogs
  10 scorpions
  3 earth elementals
  A two-headed ogre simulacrum (Lair:1)
  A cane toad simulacrum (Lair:1)
  5 wights
  The ghost of SchramBam the Shield-Bearer, a weakling MiFi (D:4)
  23 killer bees
  3 howler monkeys (D:8)
  8 vampire bats (Bailey)
  4 electric eels
  5 wolf zombies (Bailey)
  2 hounds (D:7)
  9 orc priests
  Crazy Yiuf (D:2)
  A bombardier beetle (D:5)
  2 jellies
  A gnoll bouda (D:10)
  An iguana (D:6)
  2 sleepcaps (D:7)
  15 orc wizards
  A hell rat (D:11)
  3 spriggan simulacra (Lair:1)
  5 gnolls (D:10)
  5 adders
  A river rat (D:11)
  2 white imps
  A howler monkey simulacrum (D:11)
  6 ufetubi
  A dart slug (D:2)
  A ribbon worm (D:2)
  82 orcs
  2 bats
  4 endoplasms
  2 giant cockroaches (D:1)
  5 goblins
  4 hobgoblins
  4 jackals (D:4)
  4 quokkas
  8 ball pythons
  2 frilled lizards
  7 kobolds
  19 orc zombies (Bailey)
  8 rats
1265 creatures vanquished.

Vanquished Creatures (collateral kills)
  An orc priest (Orc:1)
1 creature vanquished.

Vanquished Creatures (others)
  A swamp dragon (Swamp:4)
  A steam dragon (Lair:5)
  5 swamp drakes (Swamp:4)
  An orc priest (Orc:2)
  27 foxfires
35 creatures vanquished.

Grand Total: 1301 creatures vanquished

Notes
Turn   | Place    | Note
-------+----------+-------------------------------------------
     0 | D:1      | chippings the Draconian Wanderer began the quest for the
                  | Orb.
     0 | D:1      | chippings set off with the following items: a +0 club, a
                  | wand of polymorph (4), a scroll of fog, a +0 buckler of
                  | protection; and the following spell memorised: Sandblast;
                  | and the following spells available to memorise: Stone
                  | Arrow.
     0 | D:1      | Reached XP level 1. HP: 14/14 MP: 2/2
   298 | D:1      | Reached XP level 2. HP: 22/22 MP: 3/3
   665 | D:2      | Reached skill level 1 in Fighting
   665 | D:2      | Reached skill level 1 in Staves
   693 | D:2      | Noticed Sigmund
   896 | D:2      | Found Hocala's Antique Weapon Shoppe.
   952 | D:2      | Found a runed translucent door.
   953 | D:2      | Noticed Crazy Yiuf
  1136 | D:3      | Reached XP level 3. HP: 28/28 MP: 4/4
  1212 | D:3      | Identified the +9 dagger of Xom's Esteem {flame, *Rage
                  | +Blink rPois SInv}
  1355 | D:3      | Found a faded altar of an unknown god.
  1367 | D:3      | Found a glowing silver altar of Zin.
  1392 | D:3      | Prayed at the altar of an unknown god.
  1392 | D:3      | Became a worshipper of Gozag Ym Sagoz the Greedy
  1670 | D:3      | Found an iron altar of Okawaru.
  1980 | D:4      | Noticed a scorpion
  1987 | D:4      | Killed a scorpion
  1988 | D:4      | Reached skill level 1 in Short Blades
  1988 | D:4      | Reached XP level 4. HP: 35/35 MP: 4/6
  1991 | D:4      | Noticed a scorpion
  1995 | D:4      | Killed a scorpion
  1996 | D:4      | Reached skill level 1 in Stealth
  1996 | D:4      | Reached skill level 2 in Evocations
  1996 | D:4      | Reached XP level 5. HP: 41/41 MP: 4/7
  2055 | D:4      | Noticed a phantom
  2057 | D:4      | Killed a phantom
  2242 | D:4      | Reached XP level 6. HP: 48/48 MP: 8/8
  2341 | D:4      | Found a runed translucent door.
  2342 | D:4      | Noticed SchramBam's ghost (weakling MiFi)
  2468 | D:4      | Noticed Menkaure
  2473 | D:4      | Killed Menkaure
  2474 | D:4      | Your scales start taking on a golden yellow colour.
  2474 | D:4      | Reached XP level 7. HP: 56/56 MP: 10/10
  2474 | D:4      | Gained mutation: You are resistant to acid. (rCorr) [Yellow
                  | Draconian growth]
  2629 | D:4      | Noticed Edmund
  2641 | D:4      | Killed Edmund
  2707 | D:4      | Found a hide-covered altar of Uskayaw.
  2864 | D:4      | Noticed Pikel
  2888 | D:4      | Killed Pikel
  2889 | D:4      | Reached skill level 3 in Evocations
  2889 | D:4      | Reached XP level 8. HP: 66/66 MP: 11/11
  3196 | D:4      | Killed SchramBam's ghost
  3295 | D:2      | Killed Sigmund
  3449 | D:2      | Killed Crazy Yiuf
  3545 | D:5      | Entered Level 5 of the Dungeon
  3551 | D:5      | Reached skill level 5 in Short Blades
  3696 | D:5      | Reached skill level 4 in Evocations
  3743 | D:5      | Found a glowing golden altar of the Shining One.
  3745 | D:5      | Noticed an angel
  3754 | D:5      | Found a basalt altar of Yredelemnul.
  3756 | D:5      | Noticed a profane servitor
  3809 | D:5      | Identified the +0 dagger of Stickiness {drain, rElec rPois
                  | Str+3}
  4061 | D:6      | Reached XP level 9. HP: 71/71 MP: 12/12
  4134 | D:6      | Found a sparkling altar of Nemelex Xobeh.
  4506 | D:6      | Noticed Prince Ribbit
  4513 | D:6      | Killed Prince Ribbit
  4778 | D:7      | Reached skill level 5 in Evocations
  4842 | D:7      | Reached skill level 5 in Stealth
  4886 | D:7      | Found a staircase to the Ecumenical Temple.
  5427 | D:8      | Reached skill level 6 in Evocations
  5506 | D:8      | Reached XP level 10. HP: 78/78 MP: 13/13
  5523 | D:8      | Found a flagged portal.
  5560 | D:8      | Identified the +5 spear of Gluttony {drain, *Corrode +Blink
                  | rF+ MP+9}
  5565 | Bailey   | Entered a bailey
  5596 | Bailey   | Found the +4 consecrated labrys {holy, Valiant ^Fragile Fly
                  | SInv}
  5780 | Bailey   | Noticed a gargoyle
  5788 | Bailey   | Killed a gargoyle
  5958 | Bailey   | Got the Vademecum on Angles and Quicksand
  5983 | Bailey   | Found the +3 warlock's mirror {omnireflect}
  6160 | D:8      | Found a transporter.
  6168 | D:8      | Noticed a moth of wrath
  6169 | D:8      | Noticed LordWeiramon's ghost (novice HuFi)
  6183 | D:8      | Found a transporter.
  6382 | D:8      | Found a stormy altar of Qazlal.
  6382 | D:8      | Found a snail-covered altar of Cheibriados.
  6502 | D:8      | Reached skill level 7 in Evocations
  6704 | D:8      | Reached skill level 10 in Short Blades
  6957 | D:9      | Reached skill level 5 in Shields
  7192 | D:9      | Noticed a two-headed ogre
  7204 | D:9      | Killed a two-headed ogre
  7205 | D:9      | Reached XP level 11. HP: 67/82 MP: 14/14
  7272 | D:9      | Reached skill level 8 in Evocations
  7289 | D:9      | Found a hazy altar of Hepliaklqana.
  7296 | D:9      | Noticed a two-headed ogre
  7309 | D:9      | Killed a two-headed ogre
  7324 | D:9      | Reached skill level 5 in Fighting
  7423 | D:9      | Found a bloodstained altar of Trog.
  7536 | D:9      | Found a staircase to the Orcish Mines.
  7871 | D:10     | Entered Level 10 of the Dungeon
  8542 | D:10     | Noticed an orc knight
  8554 | D:10     | Reached skill level 9 in Evocations
  8561 | D:10     | Killed an orc knight
  8893 | Orc:1    | Entered Level 1 of the Orcish Mines
  8911 | Orc:1    | Noticed Jorgrun
  8937 | Orc:1    | Killed Jorgrun
  8938 | Orc:1    | Reached XP level 12. HP: 100/100 MP: 15/15
  9142 | Orc:2    | Entered Level 2 of the Orcish Mines
  9161 | Orc:2    | Found Laufamu's Antique Weapon Boutique.
  9228 | Orc:2    | Noticed an ogre mage
  9239 | Orc:2    | Killed an ogre mage
  9419 | Orc:2    | Found a staircase to the Elven Halls.
  9451 | Orc:2    | Found Ceghis's Weapon Shoppe.
  9631 | Orc:2    | Found a flickering gateway to a bazaar.
  9641 | Bazaar   | Entered a bazaar
  9666 | Bazaar   | Found Moggac's Armour Shoppe.
  9681 | Bazaar   | Found Pinuresi's Weapon Shop.
  9708 | Bazaar   | Found Isegokud's Weapon Shop.
  9722 | Bazaar   | Found Ijofom's Distillery.
  9726 | Bazaar   | Bought a potion of might for 48 gold pieces
  9726 | Bazaar   | Bought a potion of curing for 36 gold pieces
  9726 | Bazaar   | Bought a potion of enlightenment for 60 gold pieces
  9726 | Bazaar   | Bought a potion of heal wounds for 60 gold pieces
  9726 | Bazaar   | Bought a potion of mutation for 96 gold pieces
  9726 | Bazaar   | Bought a potion of cancellation for 96 gold pieces
  9726 | Bazaar   | Bought a potion of haste for 120 gold pieces
  9726 | Bazaar   | Bought a potion of might for 48 gold pieces
  9737 | Bazaar   | Found Dococso's Assorted Antiques.
  9745 | Bazaar   | Bought a scroll labelled ZEETAE SODA for 30 gold pieces
  9745 | Bazaar   | Bought a jewelled gold wand for 120 gold pieces
  9745 | Bazaar   | Bought a scroll labelled ZEETAE SODA for 30 gold pieces
  9772 | Orc:2    | Noticed an ogre mage
  9775 | Orc:2    | Noticed an ogre mage
  9782 | Orc:2    | Killed an ogre mage
  9786 | Orc:2    | Killed an ogre mage
  9787 | Orc:2    | Reached skill level 10 in Evocations
  9790 | Orc:2    | Reached skill level 10 in Stealth
  9799 | Orc:2    | Noticed an ogre mage
  9800 | Orc:2    | Found Ydemnas's Jewellery Shop.
  9801 | Orc:2    | Noticed an ogre mage
  9813 | Orc:2    | Killed an ogre mage
  9827 | Orc:2    | Killed an ogre mage
  9905 | Orc:2    | Noticed a two-headed ogre
  9915 | Orc:2    | Killed a two-headed ogre
  9986 | Orc:2    | Noticed a two-headed ogre
 10023 | Orc:2    | Killed a two-headed ogre
 10055 | Orc:2    | Found Quanouna's Antique Armour Boutique.
 10062 | Orc:2    | Bought a heavily runed cloak for 247 gold pieces
 10062 | Orc:2    | Identified the +2 cloak of Foolhardiness {Rampage rC++
                  | Regen+ Str-5} (You bought it in a shop on level 2 of the
                  | Orcish Mines)
 10339 | Orc:2    | Found Keistryi's Assorted Antiques.
 10349 | Orc:2    | Bought a potion of heal wounds for 130 gold pieces
 10349 | Orc:2    | Bought a scroll of fear for 104 gold pieces
 10349 | Orc:2    | Bought a wand of paralysis (5) for 312 gold pieces
 10349 | Orc:2    | Bought a wand of iceblast (6) for 374 gold pieces
 10524 | Orc:2    | Found Saleso's Armour Boutique.
 10532 | Orc:2    | Bought a +2 pair of boots of stealth for 279 gold pieces
 10767 | Orc:1    | Reached XP level 13. HP: 103/103 MP: 16/16
 10993 | Orc:1    | Found a bloodstained altar of Trog.
 11665 | D:11     | Identified a scroll of acquirement
 11665 | D:11     | Acquired the +8 quick blade of World's End {flame, Str+4}
 11717 | D:11     | Reached skill level 11 in Evocations
 11957 | D:11     | Identified the ring of the Voivode {Fly rN+}
 12237 | D:11     | Found a staircase to the Lair.
 12375 | D:11     | Reached skill level 5 in Dodging
 12387 | D:11     | Reached skill level 10 in Fighting
 12477 | D:11     | Reached skill level 10 in Shields
 12872 | D:11     | Found a runed translucent gate.
 12873 | D:11     | Found a runed translucent gate.
 12874 | D:11     | Found a runed translucent gate.
 12875 | D:11     | Noticed Dumalacath's ghost (journeyman DsGl)
 13042 | D:11     | Found a viscous altar of Jiyva.
 13057 | Lair:1   | Entered Level 1 of the Lair of Beasts
 13194 | Lair:1   | Identified the ring "Xakosab" {rCorr MP+9 Str+3}
 13342 | Lair:1   | Bought the amulet of Xaeprew {Regen+ Str+3 Slay+2} for 775
                  | gold pieces
 13913 | Lair:1   | Gained mutation: You have acidic saliva. [Yellow Draconian
                  | growth]
 13913 | Lair:1   | Reached XP level 14. HP: 122/122 MP: 17/17
 14267 | Lair:2   | Found a transporter.
 14309 | Lair:2   | Found a transporter.
 14313 | Lair:2   | Noticed brilapsti's ghost (journeyman DrCj)
 14358 | Lair:2   | Found a hole to the Spider Nest.
 14368 | Lair:2   | Reached skill level 12 in Evocations
 14427 | Lair:2   | Found a bloodstained altar of Trog.
 14549 | Lair:2   | Found a staircase to the Swamp.
 14823 | Lair:3   | Noticed Fannar
 14831 | Lair:3   | Killed Fannar
 15557 | Lair:3   | Noticed Gastronok
 15567 | Lair:3   | Killed Gastronok
 16774 | Lair:5   | Entered Level 5 of the Lair of Beasts
 16802 | Lair:5   | Identified the +1 helmet "Cib Kov" {+Blink Str-5 Int+3}
 16939 | Lair:5   | Reached skill level 13 in Evocations
 16961 | Lair:5   | Reached XP level 15. HP: 132/132 MP: 18/18
 17076 | Lair:5   | Got Improving Your Hermetics
 17496 | Lair:5   | Found a staircase to the Slime Pits.
 17504 | Lair:5   | Found a viscous altar of Jiyva.
 18132 | Spider:1 | Entered Level 1 of the Spider Nest
 18240 | Spider:1 | Reached skill level 14 in Evocations
 18263 | Spider:1 | Noticed an emperor scorpion
 18290 | Spider:1 | Killed an emperor scorpion
 18304 | Spider:1 | Reached skill level 10 in Dodging
 18665 | Spider:2 | Noticed an emperor scorpion
 18684 | Spider:2 | Killed an emperor scorpion
 18836 | Spider:2 | Noticed an emperor scorpion
 18847 | Spider:2 | Killed an emperor scorpion
 19162 | Spider:2 | Reached XP level 16. HP: 140/140 MP: 19/19
 19819 | Spider:3 | Reached skill level 15 in Evocations
 20617 | Spider:4 | Entered Level 4 of the Spider Nest
 20948 | Spider:4 | Identified the +6 rapier "Lekhib" {venom, *Noise +Blink
                  | Will+++ SInv}
 21337 | Spider:4 | Reached XP level 17. HP: 150/150 MP: 14/20
 21646 | Spider:4 | Got a gossamer rune of Zot
 21977 | Elf:1    | Entered Level 1 of the Elven Halls
 21986 | Elf:1    | Noticed Norris
 22001 | Elf:1    | Killed Norris
 22133 | Elf:1    | Found a transporter.
 22201 | Elf:1    | Found a transporter.
 22272 | Elf:1    | Noticed Azrael
 22280 | Elf:1    | Killed Azrael
 22487 | Elf:1    | Identified the serpent talisman of the Iron Devil {rC+}
 22487 | Elf:1    | Noticed Aizul
 22491 | Elf:1    | Killed Aizul
 23059 | Elf:2    | Found a radiant altar of Vehumet.
 23339 | Elf:2    | Found a runed translucent gate.
 23359 | Elf:2    | Found a runed translucent gate.
 23360 | Elf:2    | Found a runed translucent gate.
 23365 | Elf:2    | Noticed Donald
 23388 | Elf:2    | Killed Donald
 23468 | Elf:2    | Reached skill level 16 in Evocations
 23583 | Elf:2    | Noticed a deep elf blademaster
 23602 | Elf:2    | Killed a deep elf blademaster
 24031 | Elf:3    | Entered Level 3 of the Elven Halls
 24049 | Elf:3    | Reached XP level 18. HP: 160/161 MP: 21/21
 24079 | Elf:3    | Found Ullee's Jewellery Boutique.
 24094 | Elf:3    | Bought the ring of the Hare {EV+10} for 1280 gold pieces
 24094 | Elf:3    | Found the ring of the Hare {EV+10}
 24253 | Elf:3    | Identified the +3 long sword "Cizui" {speed, Int+5}
 24506 | Elf:3    | Found Quemn's Jewellery Emporium.
 24506 | Elf:3    | Found Nets's Book Shop.
 24507 | Elf:3    | Found Ileoklixol's Jewellery Emporium.
 24538 | Elf:3    | Bought a granite talisman for 1020 gold pieces
 24617 | Elf:3    | Identified the ring "Icvi" {rN+ SInv}
 24696 | Elf:3    | Reached skill level 1 in Shapeshifting
 24793 | Elf:3    | Identified the +0 leather armour "Bajup" {Will++}
 24816 | Abyss:3  | Cast into level 3 of the Abyss (a deep elf sorcerer)
 24836 | Elf:3    | Escaped the Abyss
 25026 | Elf:3    | Identified the ring of Becheov {rF+ Str+5 Slay+4}
 25103 | Elf:3    | Identified the ring of Weableeps {rElec rF+ rC++ MP+9
                  | Str-2}
 25233 | Elf:3    | Reached skill level 15 in Fighting
 25304 | Elf:3    | Got the Spellbook of Beguiling Composition
 25347 | Elf:3    | Got the Omnibus of Wounds and the Snowflakes
 25388 | Elf:3    | Identified the staff of Ronusk {rPois Str+5 Alchemy}
 25425 | Elf:3    | Got the Grimoire of the Hidden Villages
 25426 | Elf:3    | Identified the ring of Ceop {Will+ rCorr Dex+4}
 25439 | Elf:3    | Identified the +10 longbow "Hufad" {heavy, Str+2}
 25654 | Swamp:1  | Entered Level 1 of the Swamp
 27153 | Swamp:3  | Reached XP level 19. HP: 170/170 MP: 22/22
 27254 | Swamp:3  | Identified the +7 hand axe of Res Ipsa Loquitur {drain, Fly
                  | rC+ rCorr Int+4}
 27275 | Swamp:3  | Reached skill level 15 in Stealth
 27511 | Swamp:3  | Identified the +1 robe of the Desert {rElec}
 27565 | Swamp:4  | Entered Level 4 of the Swamp
 27936 | Swamp:4  | Noticed Bai Suzhen
 27971 | Swamp:4  | Killed Bai Suzhen
 27972 | Swamp:4  | Reached skill level 17 in Evocations
 28182 | Swamp:4  | Got a decaying rune of Zot
 28222 | Swamp:4  | Identified the staff "Dragon's Tongue" {Fly rElec rN++
                  | Int-3 Earth}
 28568 | Lair:5   | Reached skill level 5 in Shapeshifting
 28582 | Slime:1  | Entered Level 1 of the Pits of Slime
 28640 | Slime:1  | Gained mutation: You occasionally shout uncontrollably at
                  | your foes. [a shining eye]
 29159 | Slime:3  | Paralysed by a formless jellyfish for 1 turns
 29521 | Slime:1  | Found a viscous altar of Jiyva.
 29982 | Slime:5  | Entered Level 5 of the Pits of Slime
 30102 | Slime:5  | Noticed the Royal Jelly
 30139 | Slime:5  | Mangled by the Royal Jelly

Illustrated notes

Levels and vault maps discovered:
D:1:      ncdulo_lavacross, layout_basic
D:2:      layout_rooms, serial_shops, nicolae_shop_rolling_square,
          chequers_serial_rivers_room_b, uniq_sigmund, uniq_crazy_yiuf_cottage
D:3:      layout_basic, mainiacjoe_overflow_chevrons,
          mainiacjoe_overflow_tiny_flanked, ebering_ecumenical_altar_petrified
D:4:      layout_loops_corners, mainiacjoe_overflow_catwalk,
          gammafunk_ghost_grave, dreamdust_princess_bridge,
          kennysheep_cross_bottleneck, minivault_5, minmay_vboxes, uniq_pikel,
          uniq_edmund, uniq_menkaure
D:5:      layout_basic, grunt_temple_overflow_holy_war,
          hangedman_decor_clover_reticule
D:6:      layout_basic, nemelex_xobeh_ov_fountains_minmay, uniq_prince_ribbit1
D:7:      layout_loops_ring, temple_pool_b, st_stairs_13
D:8:      layout_rooms, gammafunk_temple_overflow_elements,
          gammafunk_ghost_berserking_beasts, enter_bailey_2, nzn_random_ring
D:9:      layout_rooms, mainiacjoe_overflow_catch_the_wave, orc_0_dummy,
          serial_glass, glass_columns_b, glass_columns_a, glass_columns_c,
          glass_columns_a, kennysheep_diamond
D:10:     layout_loops_cross, minmay_checkerbox
D:11:     minmay_the_grid_square_5x5_3x3 [minmay_the_grid_square_5x5_two_small,
          minmay_the_grid_square_5x5_minimal,
          minmay_the_grid_square_5x5_fancy_junction,
          minmay_the_grid_square_5x5_checkered_sparse,
          minmay_the_grid_square_5x5_megaprize_crossed,
          minmay_the_grid_square_5x5_almost_minimal,
          minmay_the_grid_square_5x5_shuriken,
          minmay_the_grid_square_5x5_gyroscope,
          minmay_the_grid_square_5x5_detours], layout_cave_pods,
          dpeg_lair_monsters, gammafunk_ghost_ooze, serial_park,
          serial_park_tiny_pond, serial_park_tiny_1, serial_park_tiny_2,
          minmay_diamond_spiral
Lair:1:   dreamdust_isle_of_ice, layout_cave_pods
Lair:2:   layout_hall_layers, mainiacjoe_swamp_entry_lozenge_pond,
          spider_nest_entry_funnel_web, gammafunk_ghost_wrathful_warriors
Lair:3:   layout_small_grid, serial_bayou_pond_a, minmay_lair_oklob_bushes,
          nicolae_lair_lindhole, grunt_megastairs_5,
          infiniplex_staircase_pool_2, lemuel_fruit_tree, uniq_fannar,
          uniq_gastronok
Lair:4:   layout_small_grid, grunt_megastairs_1, infiniplex_staircase_pool
Lair:5:   minmay_lair_end_frog_pond, layout_long_grid, slime_entry_1,
          bobbens_dragon_lair_wall
Swamp:1:  layout_basic_swamp, nicolae_swamp_trees_clearing, swamp_pool_1_2,
          grunt_witch_cave
Swamp:2:  layout_basic_swamp, evilmike_swamp_ruin_house_3
Swamp:3:  layout_falls_marsh, evilmike_swamp_ruin_rubble_2, swamp_pool_4
Swamp:4:  swamp_fiery, layout_basic_swamp, uniq_bai_suzhen
Spider:1: layout_spider_delve
Spider:2: layout_spider_delve, nicolae_spider_scorpion_nest
Spider:3: layout_cave_pods
Spider:4: hellmonk_spider_rune_bug_friends
Slime:1:  layout_caves, basic_altar
Slime:2:  layout_caves, cheibrodos_slime_lost_civilization_5
Slime:3:  layout_caves
Slime:4:  layout_caves
Slime:5:  slime_pit_nicolae_inversion
Orc:1:    layout_caves, trog_butcher_becter, uniq_snorg, uniq_jorgrun
Orc:2:    st_orc_town, layout_caves, serial_shops, bzr_entry_dummy, shop, shop,
          nicolae_shop_bloodbath_and_beyond, mines2_david
Elf:1:    gammafunk_its_a_trap, layout_onion_city, minmay_misc_feat_diagonals,
          uniq_aizul, uniq_norris, uniq_azrael
Elf:2:    nicolae_elf_blades_crystal_corner, layout_rooms, basic_altar,
          serial_sigils_hangedman_leer, uniq_donald
Elf:3:    minmay_elf_hall_spiked, layout_rooms, serial_shops, shop,
          fountainhead, minmay_shop_grove

Skill      XL: |  1  2  3  4  5  6  7  8  9 10 11 12 13 14 15 16 17 18 19 |
---------------+----------------------------------------------------------+-----
Fighting       | 1 2 3 4 7 9 10 12 13 14 15 16 | 16.0
Staves         | 1 |  1.0
Short Blades   | 1 2 3 4 6 8 10 11 12 13 14 | 14.0
Stealth        | 1 2 4 6 7 9 10 11 12 13 14 15 | 15.8
Evocations     | 2 3 4 6 7 9 10 11 13 14 15 16 17 | 17.5
Dodging        | 2 3 4 6 8 10 11 12 13 | 13.9
Spellcasting   | 2 |  2.0
Shields        | 4 5 7 9 10 11 12 13 14 | 14.0
Earth Magic    | 4 |  4.0
Shapeshifting  | 3 6 |  6.2
Unarmed Combat | |  0.1
Invocations    | |  1.0

Action                     |  1- 3 |  4- 6 |  7- 9 | 10-12 | 13-15 | 16-18 | 19-21 || total
---------------------------+-------+-------+-------+-------+-------+-------+-------++-------
  Melee: Staff             |    92 |       |       |       |       |       |       ||    92
         Tailslap          |    16 |     5 |    25 |    97 |   226 |   327 |   281 ||   977
         Unarmed           |     6 |       |       |       |       |       |       ||     6
         Dagger            |    19 |    47 |   216 |   701 |  1140 |   556 |       ||  2679
         Bite              |       |       |       |       |   123 |   262 |   219 ||   604
         Quick blade       |       |       |       |       |       |   918 |   989 ||  1907
   Cast: Sandblast         |     9 |       |       |       |       |       |       ||     9
 Invoke: Call Merchant     |       |       |       |       |     1 |       |       ||     1
Ability: Evoke Invisibilit |       |       |     2 |     3 |       |       |       ||     5
         Breathe Acid      |       |       |       |     7 |     6 |     9 |     7 ||    29
  Evoke: Wand              |       |       |       |     4 |    13 |     4 |     3 ||    24
         Phantom mirror    |       |       |       |     1 |     2 |       |     1 ||     4
         Condenser vane    |       |       |       |       |     3 |     2 |     2 ||     7
    Use: Potion            |     2 |       |       |     1 |     1 |       |     6 ||    10
         Scroll            |     1 |       |     4 |     6 |    12 |    10 |     4 ||    37
   Stab: Sleeping          |     2 |       |     4 |    13 |    36 |    73 |    16 ||   144
         Invisible         |       |       |     1 |     7 |       |       |       ||     8
         Distracted        |       |       |     1 |     5 |    22 |    14 |     5 ||    47
         Paralysed         |       |       |       |     3 |     3 |       |       ||     6
         Confused          |       |       |       |     1 |       |       |       ||     1
         Petrified         |       |       |       |       |     1 |       |       ||     1
 Armour: Skin              |    58 |    26 |    93 |   229 |   478 |   349 |   183 ||  1416
  Dodge: Dodged            |    83 |    30 |    97 |   194 |   509 |   426 |   363 ||  1702
  Block: Buckler           |    21 |     8 |    48 |   184 |   419 |   357 |   207 ||  1244
         Reflection        |       |       |       |    10 |    23 |    35 |    24 ||    92
